[Event "Championnat du monde jeunes U12F"]
[Date "2024.11.16"]
[White "Xikmatkhonova, Mokhinur"]
[Black "Abak, Tuana"]
[WhiteElo "1726"]
[BlackElo "1806"]
[Round "2.8"]
[Result "0-1"]
[TimeControl "5400+30"]

1. e4 c5 2. Nf3 d6 3. d4 cxd4 4. Nxd4 Nf6 5. Nc3 g6 6. Be3 Bg7 7. f3 O-O 8. Qd2 Nc6 9. O-O-O d5 10. exd5 Nxd5 11. Nxc6 bxc6 12. Bd4 e5 13. Bc5 Be6 14. Ne4 Re8 15. g4 Nf4 16. Qxd8 Rexd8 17. Ba6 Rd5 18. b3 f5 19. gxf5 gxf5 20. Rxd5 Bxd5 21. Nd6 Ne6 22.
Ba3 Nd4 23. Bc5 Ne6 24. Ba3 Rf8 25. Nc8 Rf7 26. Ne7+ Kh8 27. Bc8 Nd4 28. Nxd5 cxd5 29. Bb2 Nxf3 30. Be6 Rf8 31. Bxd5 Nh4 32. Ba3 Rd8 33. c4 Ng6 34. Rd1 e4 35. Bc5 Nf4 36. Bxa7 Ne2+ 37. Kc2 Nc3 38. Rd2 Nxa2 39. Bd4 Nb4+ 40. Kc3 Nxd5+ 41. cxd5 Rc8+ 42. Kb2 Bxd4+ 43.
Rxd4 Kg7 44. d6 Kf6 45. d7 Rd8 46. b4 Ke6 47. Kc3 Rxd7 48. Rc4 Rd3+ 49. Kc2 Rh3 50. b5 Rxh2+ 51. Kc3 Rh1 52. Kd4 Rd1+ 53. Ke3 Rb1 54. Rc5 h5 55. Kf4 Rf1+ 56. Kg5 h4 57. Kxh4 Rg1 58. b6 Rg8 59. b7 Rb8 60. Kg5 Rxb7 61. Rxf5 Rb3 62. Kf4 Rf3+ 0-1

[Variant "Standard"]
[Site "Europe Echecs"]

[Event "Championnat du monde jeunes U12F"]
[Date "2024.11.16"]
[White "Illes-Nagy, Nora"]
[Black "Bohatyrova, Mariia"]
[WhiteElo "1803"]
[BlackElo "1722"]
[Round "2.9"]
[Result "0-1"]
[TimeControl "5400+30"]

1. d4 Nf6 2. c4 e6 3. Nc3 c5 4. d5 exd5 5. cxd5 d6 6. e4 g6 7. h3 a6 8. a4 Bg7 9. Nf3 O-O 10. Bd3 Nbd7 11. Bf4 Qe7 12. O-O Ne8 13. Qc2 Nc7 14. Nd2 Ne5 15. Nc4 Nxc4 16. Bxc4 Rb8 17. a5 b5 18. axb6 Rxb6 19. Qe2 Re8 20. Rae1 Bd7 21. Bg3 Nb5 22. Nxb5 Rxb5 23. b3 Rb4 24. Qd3 Bb5 25. f4 Bxc4 26. bxc4 Bd4+ 27. Kh1 Qb7 28. Rb1 a5 29. Rxb4 axb4 30. Rf3 Qe7 31. e5 Qd7 32. exd6 Qxd6 33. f5 Qa6 34. d6 Rd8 35. fxg6 hxg6 36. Kh2 Qa1 37. Rf1 Qc3 38. Qe2 Qe3 39. Qxe3 Bxe3 40. Rd1 Kg7 41. Be5+ f6 42. Bg3 Bd4 43. Rd3 Rd7 44. Bf4 Kf7 45. h4 Ke6 46. Kg3 Rb7 47. Rb3 Be5 48. Kf3 Kxd6 49. Ke4 Bxf4 50. Kxf4 Ke6 51. g4 Rd7 52. Re3+ Kf7 53. h5 Rd4+ 54. Kg3 gxh5 55. gxh5 Rxc4 56. Kf2 Rh4 57. h6 Rxh6 0-1

[Variant "Standard"]
[Site "Europe Echecs"]

[Event "Championnat du monde jeunes U12F"]
[Date "2024.11.16"]
[White "Sinkar, Anagha Aniket"]
[Black "Jordan, Christina"]
[WhiteElo "1723"]
[BlackElo "1803"]
[Round "2.10"]
[Result "1-0"]
[TimeControl "5400+30"]

1. e4 c5 2. c3 Nf6 3. e5 Nd5 4. Nf3 Nc6 5. Bc4 Nb6 6. Bb3 d5 7. exd6 Qxd6 8. O-O Bg4 9. Bxf7+ Kd8 10. h3 Qf6 11. hxg4 Qxf7 12. d4 c4 13. Qe2 h5 14. Ng5 Qf6 15. gxh5 g6 16. hxg6 Qxg6 17. Qg4 Ke8 18. Qe6 Qg7 19. Ne4 Kd8 20. Qf5 Rg8 21. Bg5 Nd7 22. d5 Nce5 23. d6 Nf7 24. dxe7+ Bxe7 25. Bxe7+ Kxe7 26. Ng3 Rae8 27. Na3 Nd6 28. Rfe1+ Kd8 29. Rxe8+ Rxe8 30. Qa5+ b6 31.
Qxa7 Rh8 32. Rd1 Nc8 33. Qb7 Qh7 34.
Nxc4 Rf8 35. Ne5 1-0

[Variant "Standard"]
[Site "Europe Echecs"]

[Event "Championnat du monde jeunes U12F"]
[Date "2024.11.16"]
[White "Li, Sophie"]
[Black "Tsinjoviniavo, Aina Mahasambatra"]
[WhiteElo "1798"]
[BlackElo "1716"]
[Round "2.11"]
[Result "1-0"]
[TimeControl "5400+30"]

1. d4 d5 2. c4 e6 3. Nc3 Nf6 4. Nf3 c5 5. dxc5 Bxc5 6. Bg5 Qb6 7. e3 Qxb2 8. Qc1 Ba3 9. Ne2 Bb4+ 10. Kd1 Qxc1+ 11. Rxc1 Ne4 12. Bh4 Bd7 13. Ned4 Ba4+ 14. Nb3 Nc3+ 15. Kc2 Nxa2 16. Ra1 Nc3 17. cxd5 exd5 18. Rxa4 Nxa4 19. Bb5+ Nd7 20. Bxa4 a6 21. Bxd7+ Kxd7 22. Rd1 Rhc8+ 23. Kb1 Rc3 24. Kb2 a5 25. Rxd5+ Kc6 26. Rd4 f6 27. Bg3 Kb5 28. Rd7 Ka4 29. Nfd4 b5 30. Bd6 Rac8 31. Bxb4 Kxb4 32. Rb7 Rxb3+ 33. Nxb3 a4 34.
Nd4 Rc5 35. Rxg7 a3+ 36. Ka2 Rc1 37. Rb7 Rc5 38. Rxh7 Kc3 39. Rc7 Kb4 40. Rxc5 Kxc5 41. Kxa3 Kc4 42. Nxb5 Kxb5 43. Kb3 Kc5 44. Kc3 Kd5 45. Kd3 Ke5 46. f4+ Kf5 47. h3 Kg6 48. g4 Kh6 49. h4 Kg6 50. g5 f5 51. Kd4 Kh5 52. Ke5 Kg6 53. h5+ Kxh5 54. Kxf5 Kh4 55. g6 Kg3 56. g7 Kf3 57. e4 Ke3 58. g8=Q Kf3 59. Qg4+ Ke3 60. e5 1-0

[Variant "Standard"]
[Site "Europe Echecs"]

[Event "Championnat du monde jeunes U12F"]
[Date "2024.11.16"]
[White "Allahverdi, Zahra"]
[Black "Rzadkowska, Kaja"]
[WhiteElo "1718"]
[BlackElo "1798"]
[Round "2.12"]
[Result "1/2-1/2"]
[TimeControl "5400+30"]

1. d4 Nf6 2. c4 e6 3. g3 d5 4. Bg2 dxc4 5. Qa4+ Nbd7 6. Nf3 a6 7. Nc3 Be7 8. O-O O-O 9. Qxc4 b5 10. Qd3 Bb7 11. Ng5 Bxg2 12. Kxg2 h6 13. Nh3 c5 14. dxc5 Bxc5 15. Be3 Qe7 16. Bxc5 Nxc5 17. Qf3 b4 18. Nd1 Rad8 19. Ne3 Nce4 20. Nc4 Rd4 21. Rfc1 e5 22. Ne3 Qe6 23. Nf5 Rd2 24. Rc6 Qd7 25. Rxa6 Qb5 26. Ra7 Rxb2 27. Ng1 Qc5 28. Ra6 Kh7 29. Ne3 Rd8 30. Ng4 Qc8 31. Nxf6+ Nxf6 32. Ra7 Qe6 33. a4 b3 34. a5 Ra2 35. Rb1 b2 36. Rb7 Rxa5 37. R7xb2 Rad5 38. Rb6 R5d6 39. Rxd6 Qxd6 40. Qf5+ g6 41. Qf3 Kg7 1/2-1/2

[Variant "Standard"]
[Site "Europe Echecs"]

[Event "Championnat du monde jeunes U12F"]
[Date "2024.11.16"]
[White "Amanzhol, Khanzada"]
[Black "Tursunalieva, Nurelina"]
[WhiteElo "1780"]
[BlackElo "1701"]
[Round "2.13"]
[Result "1-0"]
[TimeControl "5400+30"]

1. e4 c5 2. Nf3 d6 3. d4 cxd4 4. Qxd4 Nc6 5. Bb5 a6 6. Bxc6+ bxc6 7. c4 Bb7 8. Nc3 Qc7 9. O-O Nf6 10. b3 g6 11. Bb2 Bg7 12. Rfe1 O-O 13. Qd2 Rfd8 14. Rac1 Rac8 15. Qe2 e6 16. Na4 c5 17. e5 dxe5 18. Bxe5 Qc6 19. Rcd1 Ne8 20. Qe3 Nd6 21. Bxg7 Kxg7 22. Qe5+ Kg8 23. Qg5 Qc7 24. Qf4 Bxf3 25. gxf3 Qc6 26. Qf6 Re8 27. Nc3 Rc7 28. Qe5 Nf5 29. Nd5 exd5 30. Qxe8+ Qxe8 31. Rxe8+ Kg7 32.
cxd5 Nd4 33. Kg2 Rd7 34. Re5 f6 35. Re4 Rxd5 36. b4 f5 37. Re7+ Kf6 38. Rc7 cxb4 39. Rc4 Ke5 40. Rxb4 Nc6 41. Rxd5+ Kxd5 42. Rb7 h6 43. Rh7 h5 44. Rg7 a5 45. Rxg6 a4 46. Rg5 Nd4 47. Rxh5 Kc4 48. Rh4 Kc3 49. Rxd4 Kxd4 50. Kg3 a3 51. Kf4 Kc3 52. h4 Kb2 53. h5 Kxa2 54. h6 1-0

[Variant "Standard"]
[Site "Europe Echecs"]

[Event "Championnat du monde jeunes U12F"]
[Date "2024.11.16"]
[White "Xia, Miaoyan"]
[Black "Bassari, Senem Gul"]
[WhiteElo "1711"]
[BlackElo "1778"]
[Round "2.14"]
[Result "0-1"]
[TimeControl "5400+30"]

1. e4 c5 2. Nf3 d6 3. d4 cxd4 4. Nxd4 Nf6 5. Nc3 a6 6. f3 e5 7. Nb3 h5 8. Be3 Be6 9. Nd5 Bxd5 10. exd5 g6 11. Qd2 Nbd7 12. O-O-O Nb6 13. Qa5 Bh6 14. Bxh6 Rxh6 15. Kb1 Rc8 16. Be2 Kf8 17. h4 Qc7 18. c3 Rh8 19. c4 Kg7 20. Rc1 Nbd7 21. Qxc7 Rxc7 22. Bd3 Rhc8 23. Rc2 Ng8 24. Re1 f5 25. Na5 Ngf6 26. b4 e4 27. fxe4 Ne5 28. Bf1 Nxe4 29. c5 Kf6 30. Rec1 dxc5 31. bxc5 Rxc5 32. Nxb7 Nd2+ 33. Kb2 Rxc2+ 34. Rxc2 Rxc2+ 35. Kxc2 Nxf1 0-1

[Variant "Standard"]
[Site "Europe Echecs"]

[Event "Championnat du monde jeunes U12F"]
[Date "2024.11.16"]
[White "Zavivaeva, Kristina"]
[Black "Sri Darshini T"]
[WhiteElo "1775"]
[BlackElo "1681"]
[Round "2.15"]
[Result "1-0"]
[TimeControl "5400+30"]

1. b4 Nf6 2. Bb2 d5 3. Nf3 g6 4. e3 Bg7 5. c4 c6 6. Nc3 O-O 7. Be2 Nbd7 8. O-O Re8 9. Qb3 Nb6 10. cxd5 cxd5 11. a4 Bg4 12. h3 Bxf3 13. Bxf3 e5 14. Rac1 Rc8 15. d3 e4 16. dxe4 dxe4 17. Rfd1 Qe7 18. Be2 Qe6 19. Qxe6 Rxe6 20. a5 Nbd7 21. Nxe4 Rxc1 22. Nxf6+ Bxf6 23. Bxc1 Ne5 24. b5 g5 25. f4 gxf4 26. exf4 Ng6 27. Bf3 Re7 28. Ba3 Rc7 29. b6 axb6 30. axb6 Rc4 31. Rd6 Bd4+ 32. Kh2 Be3 33. g3 Rc2+ 34. Bg2 Kg7 35. h4 h5 36. Kh1 Ra2 37. Bb4 Ra1+ 38. Kh2 Rb1 39. Bc3+ Kh7 40. Rd7 Bg1+ 41. Kh3 Kg8 42. Bd5 Nh8 43. Rd8+ Kh7 44. Rxh8+ 1-0

[Variant "Standard"]
[Site "Europe Echecs"]

[Event "Championnat du monde jeunes U12F"]
[Date "2024.11.16"]
[White "Gailevska, Milana"]
[Black "Mozolevskaya, Tatyana Nik"]
[WhiteElo "1698"]
[BlackElo "1775"]
[Round "2.16"]
[Result "0-1"]
[TimeControl "5400+30"]

1. d4 g6 2. c4 Bg7 3. e4 d6 4. Nf3 Bg4 5. Be2 Nc6 6. d5 Bxf3 7. Bxf3 Nd4 8. Nc3 c5 9. dxc6 Nxc6 10. Be3 Nf6 11. O-O O-O 12. Be2 Rc8 13. Rc1 Nd7 14. a3 Nc5 15. f3 Ne6 16. b4 Ncd4 17. Nd5 b6 18. f4 Nxe2+ 19. Qxe2 Nd4 20. Qd1 Nc6 21. b5 Na5 22. Qe2 e6 23. Nb4 Qc7 24. Na6 Qb7 25. Bf2 Nb3 26. Rc2 Nd4 27. Bxd4 Bxd4+ 28. Kh1 Bc5 29. Nxc5 Rxc5 30. Qd3 Rd8 31. f5 exf5 32. exf5 d5 33. f6 h5 34. Re1 Qc8 35. Qd2 Kh7 36. Re7 Rd7 37. Qe3 d4 38. Qe4 d3 39. Rxd7 Qxd7 40. Rd2 Rf5 41. g3 Rxf6 42. Rxd3 Qh3 43. Rf3 Rxf3 44. Qxf3 Qe6 45. Qd3 Qh3 46. Kg1 h4 47. Qf3 Kg7 48. Qf1 Qxf1+ 49. Kxf1 hxg3 50. hxg3 Kf6 51. Kf2 Ke5 52. Ke3 f5 53. a4 g5 54. Kd3 f4 55. gxf4+ gxf4 56. c5 bxc5 57. a5 Kd5 58. a6 c4+ 59. Kc3 Kc5 60. b6 Kxb6 61. Kxc4 Kxa6 62. Kd4 Kb5 63. Ke4 Kb4 64. Kxf4 a5 65. Ke3 Kc3 66. Ke2 Kc2 67. Ke3 a4 68. Kd4 a3 0-1

[Variant "Standard"]
[Site "Europe Echecs"]

[Event "Championnat du monde jeunes U12F"]
[Date "2024.11.16"]
[White "Siddhi Rao"]
[Black "Aadya Ranganath"]
[WhiteElo "1677"]
[BlackElo "1753"]
[Round "2.18"]
[Result "1-0"]
[TimeControl "5400+30"]

1. e4 e5 2. Nf3 Nc6 3. Bc4 Bc5 4. c3 Nf6 5. d4 exd4 6. e5 d5 7. Be2 Ne4 8. cxd4 Bb4+ 9. Bd2 Bxd2+ 10. Nbxd2 O-O 11. O-O f6 12. Bb5 Nxd2 13. Qxd2 Bg4 14. Bxc6 bxc6 15. Ne1 fxe5 16. dxe5 Qe7 17. f4 Qc5+ 18. Kh1 Qb5 19. Nf3 Bxf3 20. Rxf3 Rab8 21. b3 Qb4 22. Qf2 Qe4 23. Re1 Qf5 24. Qxa7 Rb4 25. Ref1
Qd7 26. Qf2 Re4 27. Qg3 d4 28. f5 Qd5 29. e6 Qe5 30. Qxe5 Rxe5 31. g4 g6 32. fxg6 Rxf3 33. gxh7+ Kxh7 34. Rxf3 Rxe6 35. b4 Kg6 36. Kg2 Re5 37. Rd3 Rd5 38. Kg3 Rd8 39. h4 Kh6 40. Kf4 Rf8+ 41. Ke5 Rf2 42. a3 Rh2 43. Rxd4 Rxh4 44. g5+ Kxg5 45. Rxh4 Kxh4 46. a4 Kg5 47. a5 c5 48. bxc5 c6 49. a6 Kg4 50. a7 Kg5 51. a8=Q Kg4 52. Qg8+ Kf3 53. Qg5 Ke2 54. Qg3 Kd2 55. Kd4 Kc2 56. Qc3+ Kd1 57. Qb2 Ke1 58. Ke3 Kf1 59. Qf2# 1-0

[Variant "Standard"]
[Site "Europe Echecs"]

[Event "Championnat du monde jeunes U12F"]
[Date "2024.11.16"]
[White "Mrad, Anahid"]
[Black "Hanya Shah"]
[WhiteElo "1558"]
[BlackElo "1888"]
[Round "2.19"]
[Result "0-1"]
[TimeControl "5400+30"]

1. e4 Nf6 2. e5 Nd5 3. d4 d6 4. Bc4 Nb6 5. Bb3 dxe5 6. Qh5 e6 7. dxe5 c5 8. c4 Qd3 9. Nd2 Bd7 10. Ne2 Bc6 11. Nf4 Qd7 12. O-O g6 13. Qg5 Qe7 14. Qg3 N8d7 15. Re1 Bg7 16. Nd3 O-O 17. Nf3 Bxf3 18. Qxf3 Rab8 19. a4 f6 20. exf6 Bxf6 21. Qg4 Rbe8 22. Qe4 Nb8 23. Be3 Na6 24. a5 Nc8 25. Bh6 Bg7 26. Bxg7 Qxg7 27. Ba4 Re7 28. Re2 Nd6 29. Qg4 Nf5 30. Rae1 Nd4 31. Re4 b6 32. b4 Qf6 33. f3 Rd8 34. axb6 axb6 35. bxc5 bxc5 36. Nf4 Nc7 37. h4 Qf5 38. Qg3 Rf8 39. h5 Rg7 40. h6 Re7 41. Nd3 Ra8 42. Nb2 Rb8 43. Nd3 Ra8 44. Nb2 Qf6 45. Rf4 Nf5 46. Qf2 e5 47. Rfe4 Nd4 48. f4 Rf8 49. Nd3 Ne8 50. Nxc5 Nd6 51. Rxe5 Rxe5 52. Rxe5 Qxf4 53. Qxf4 Rxf4 54. g3 Nf3+ 55. Kg2 Nxe5 56. gxf4 Nexc4 57. Bb3 Kf7 58. Bxc4+ Nxc4 59. Kf3 Nd6 60.
Kg4 Kf6 61. Nd7+ Ke7 62. Ne5 Nf7 63.
Nxg6+ hxg6 64. h7 Kf6 65. Kf3 Kg7 66. Kg4 Kxh7 67. f5 Nh6+ 68. Kf4 gxf5 69. Kg3 Kg6 70. Kf4 Kf6 71. Kf3 Ke5 72. Ke3 f4+ 73. Kf3 Kf5 74. Kf2 Ke4 75. Ke2 f3+ 76. Kf2 Kf4 77. Kf1 Ke3 78. Ke1 f2+ 79. Kf1 Nf7 80. Kg2 Ke2 0-1

[Variant "Standard"]
[Site "Europe Echecs"]

[Event "Championnat du monde jeunes U12F"]
[Date "2024.11.16"]
[White "Qiu, Laurie"]
[Black "Liu, Jingyu"]
[WhiteElo "1994"]
[BlackElo "1680"]
[Round "2.20"]
[Result "1-0"]
[TimeControl "5400+30"]

1. e4 c6 2. d4 d5 3. exd5 cxd5 4. Bd3 Nc6 5. c3 Nf6 6. Bf4 g6 7. h3 Bf5 8. Bxf5 gxf5 9. Nf3 e6 10. Nbd2 Bd6 11. Ne5 Qc7 12. Ndf3 Ne4 13. Qe2 f6 14. Nxc6 Qxc6 15. Bxd6 Qxd6 16. Nd2 h5 17. O-O-O O-O-O 18. g4 Nxd2 19. Kxd2 fxg4 20. Rde1 Qf4+ 21. Kc2 Qf5+ 22. Kc1 Rhe8 23. hxg4 hxg4 24. Qe3 Rd7 25. Rh6 Rh7 26. Rxh7 Qxh7 27. Qf4 f5 28. Qd6 Qc7 29. Qa3 Qf4+ 30. Kb1 a6 31. Qc5+ Qc7 32. Qa7 Kd7 33. Rh1 Kd6 34. Kc2 a5 35. a3 b6 36. Qa6 Re7 37. Rh8 Rd7 38. Qa8 Qb7 39. Qf8+ Re7 40. Rh7 Qd7 41. Rh8 Qc7 42. Qf6 Kc6 43. Qf8 Kd6 44. b4 axb4 45. axb4 Qa7 46. Qc8 Qa2+ 47. Kd1 Qb1+ 48. Ke2 Qc2+ 49. Kf1 Qd3+ 50. Kg1 Qb5 51. Rd8+ Rd7 52. Qb8+ Ke7 53. Re8+ Kf6 54. Qe5+ Kg5 55. Rg8+ Kh6 56. Qh2# 1-0

[Variant "Standard"]
[Site "Europe Echecs"]

[Event "Championnat du monde jeunes U12F"]
[Date "2024.11.16"]
[White "Chichinadze, Anastasia"]
[Black "Venskaya, Nika"]
[WhiteElo "1682"]
[BlackElo "1871"]
[Round "2.21"]
[Result "0-1"]
[TimeControl "5400+30"]

1. e4 d6 2. d4 Nf6 3. Nc3 g6 4. Nf3 Bg7 5. Bf4 O-O 6. Be2 c6 7. O-O Nbd7 8. Qd2 Nh5 9. Bh6 e5 10. Bxg7 Kxg7 11. dxe5 dxe5 12. Qd6 Qf6 13. Qxf6+ Kxf6 14. Rad1 Nb6 15. Rd6+ Ke7 16. Rfd1 f6 17. g3 Ng7 18. b4 Ne6 19. R6d2 Nc7 20. Kg2 Be6 21. a3 Bg4 22. h3 Bxf3+ 23. Bxf3 Ne6 24. Be2 f5 25. b5 f4 26. f3 fxg3 27. Kxg3 Nd4 28. a4 cxb5 29. axb5 Rac8 30. Nd5+ Nxd5 31.
exd5 Rxc2 32. Rxc2 Nxc2 33. Rd3 Nd4 34. Kf2 Nxb5 35. Re3 Nd4 36. Rxe5+ Kd6 37. Re4 Nxe2 38. Kxe2 Rf5 0-1

[Variant "Standard"]
[Site "Europe Echecs"]

[Event "Championnat du monde jeunes U12F"]
[Date "2024.11.16"]
[White "Kovalskyy, Alicia"]
[Black "Chovanec, Alice"]
[WhiteElo "1871"]
[BlackElo "1694"]
[Round "2.22"]
[Result "0-1"]
[TimeControl "5400+30"]

1. e4 c5 2. Nf3 e6 3. d4 cxd4 4. Nxd4 a6 5. Nc3 Qc7 6. a3 Nf6 7. Be3 b5 8. Be2 Bb7 9. f3 Be7 10. O-O O-O 11. Bd3 d6 12. Qe1 Nbd7 13. Qg3 Kh8 14. Nce2 Rac8 15. Nf4 Nc5 16. Nh3 g6 17. Bh6 Nh5 18. Qf2 Rfe8 19. g4 Nf6 20. Ng5 Bf8 21. Bxf8 Rxf8 22. Rac1 e5 23. Ne2 Kg7 24. Ng3 h6 25. Nh3 d5 26. Qe3 dxe4 27. Nxe4 Bxe4 28. Bxe4 Ncxe4 29. fxe4 Nxg4 30. Qg3 Nf6 31. Qh4 Qb6+ 32. Rf2 Rc4 0-1

[Variant "Standard"]
[Site "Europe Echecs"]

[Event "Championnat du monde jeunes U12F"]
[Date "2024.11.16"]
[White "Pavithra R V"]
[Black "Moscovitch, Shelly"]
[WhiteElo "1854"]
[BlackElo "1552"]
[Round "2.23"]
[Result "1-0"]
[TimeControl "5400+30"]

1. e4 e5 2. Nf3 Nc6 3. Bb5 a6 4. Bxc6 dxc6 5. O-O Bd6 6. d4 Bg4 7. dxe5 Bxf3 8. Qxf3 Bxe5 9. Rd1 Qe7 10. Qb3 Rb8 11. Be3 b5 12. f4 Bd6 13. Qc3 f6 14. Qxc6+ Kf7 15. Nc3 h5 16. Rf1 Qe8 17. Qxa6 b4 18. Qc4+ Kf8 19. Nd5 Qb5 20. Qxb5 Rxb5 21. Rad1 Ne7 22. Nxe7 Kxe7 23. c4 bxc3 24. bxc3 Ra5 25. Rf2 Rha8 26. Rdd2 Ra3 27. Rc2 Ke6 28. Kf1 Rb8 29. Ke2 Rd8 30. h3 Ra4 31. Kf3 Rda8 32. g4 hxg4+ 33. hxg4 Rh8 34. Rh2 Rxh2 35. Rxh2 Ra3 36. Rc2 Kd7 37. Bc1 Ra4 38. f5 Ke7 39. Bf4 Bxf4 40. Kxf4 Ra5 41. c4 c6 42. Rb2 Ra4 43. Rb7+ Kf8 44. c5 Rc4 45. a4 Rxc5 46. Ra7 Rc1 47. a5 Rf1+ 48. Ke3 Re1+ 49. Kd4 c5+ 50. Kd5 c4 51. a6 c3 52. Rc7 Ra1 53. Rxc3 Rxa6 54. Rc6 Ra4 55. Rc4 Ra6 56. e5 Ra5+ 57. Rc5 Rxc5+ 58. Kxc5 fxe5 59. Kd5 Kf7 60. Kxe5 Ke7 61. g5 Kf7 62. Kd6 g6 63. f6 Kf8 64. Ke6 Ke8 65. f7+ Kf8 66. Kd6 Kxf7 67. Kd7 Kf8 68. Ke6 Kg8 69. Kf6 Kh7 70. Kf7 Kh8 71. Kxg6 Kg8 72. Kh6 Kf7 73. g6+ Kg8 74. g7 1-0

[Variant "Standard"]
[Site "Europe Echecs"]

[Event "Championnat du monde jeunes U12F"]
[Date "2024.11.16"]
[White "Ivanova, Gabriela"]
[Black "Sunea, Sara Maria"]
[WhiteElo "1680"]
[BlackElo "1823"]
[Round "2.24"]
[Result "0-1"]
[TimeControl "5400+30"]

1. d4 Nf6 2. Nf3 c5 3. dxc5 e6 4. g3 Bxc5 5. Bg2 d5 6. O-O O-O 7. Bf4 Nc6 8. Re1 Qb6 9. e3 Qxb2 10. Nbd2 Qb6 11. Rb1 Qd8 12. Ne5 Bd6 13. Nxc6 bxc6 14. Bxd6 Qxd6 15. c4 Ba6 16. e4 dxe4 17. Nxe4 Nxe4 18. Rxe4 Rad8 19. Qxd6 Rxd6 20. c5 Rd7 21. Ra4 Bb5 22. Ra5 Rfd8 23. Bf3 Rc7 24. a4 Bc4 25. Rb4 Bd5 26. Be2 Kf8 27. f4 Ke7 28. Ba6 Kf6 29. Bb7 Rdd7 30. Rxa7 Bc4 31. a5 Bb5 32. a6 Bxa6 33. Rxa6 Rxb7 34. Rxb7 Rxb7 35. Rxc6 Rb1+ 36. Kg2 Rc1 37. Rc7 h5 38. c6 g6 39. Kh3 Rc2 40. Rc8 Kf5 41. Rc7 f6 42. Rc8 e5 43. fxe5 g5 44. g4+ hxg4+ 45. Kg3 Rc3+ 46.
Kg2 Kxe5 47. c7 Kf5 48. Kf2 g3+ 49.
hxg3 Kg4 50. Rf8 Rxc7 51. Rxf6 Rc2+ 52.
Ke3 Kxg3 53. Kd4 0-1

[Variant "Standard"]
[Site "Europe Echecs"]

[Event "Championnat du monde jeunes U12F"]
[Date "2024.11.16"]
[White "Alcantara, Levanah"]
[Black "Wang, Tianmu"]
[WhiteElo "1753"]
[BlackElo "1640"]
[Round "2.25"]
[Result "1-0"]
[TimeControl "5400+30"]

1. d4 d5 2. Bf4 Nf6 3. e3 Bf5 4. c4 e6 5. Qb3 b6 6. Nc3 a6 7. Nf3 Be7 8. Be2 O-O 9. Nh4 Bg6 10. Nxg6 hxg6 11. cxd5 exd5 12. h4 c6 13. h5 Nh7 14. hxg6 fxg6 15. Qc2 Qe8 16. Bd3 Rf6 17. O-O-O Nd7 18. Rh3 b5 19. Rdh1 Ndf8 20. Be5 Re6 21. Be2 Bb4 22. a3 Bxc3 23. Qxc3 Rd8 24. Bg4 Re7 25. Qc5 Rf7 26. f4 Re7 27. Kd2 Nf6 28. Bxf6 gxf6 29. f5 Re4 30. Bf3 Re7 31. Rh8+ Kg7 32. fxg6 Rdd7 33. Bg4 Rc7 34. Bf5 a5 35. Qd6 Rb7 36. Qh2 Rxe3 37. Qh6# 1-0

[Variant "Standard"]
[Site "Europe Echecs"]

[Event "Championnat du monde jeunes U12F"]
[Date "2024.11.16"]
[White "Anu, Bayart-Uchral"]
[Black "Lukin, Yesenia"]
[WhiteElo "1624"]
[BlackElo "1732"]
[Round "2.26"]
[Result "1-0"]
[TimeControl "5400+30"]

1. d4 d5 2. c4 c6 3. Nc3 Nf6 4. e3 e6 5. Nf3 g6 6. Ne5 Bg7 7. Bd3 Nbd7 8. f4 dxc4 9. Bxc4 Nb6 10. O-O Nxc4 11. Nxc4 O-O 12. b3 b6 13. Ba3 c5 14. Rc1 Nd7 15. dxc5 Nxc5 16. Bxc5 bxc5 17. Na4 Qe7 18. Na5 Ba6 19. Rf2 Rac8 20. Rfc2 Rfd8 21. Qe1 Bd3 22. Rxc5 Rxc5 23. Nxc5 Bb2 24. Nc6 Qe8 25. Nxd8 Bxc1 26. Nxd3 Ba3 27. Nxf7 Qxf7 28. Qc3 Qd7 29. b4 Qa4 30. Kf2 Qa6 31. Nc5 Bxb4 32. Qxb4 Qxa2+ 33. Kg3 h5 34.
Qb3 Qxb3 35. Nxb3 Kf7 36. Kf3 Ke7 37. Ke4 Kd6 38. Kd4 a6 39. Na5 h4 40. g3 h3 41. e4 Kd7 42. g4 Kd6 43. f5 e5+ 44. Kc4 g5 45. f6 Ke6 46. f7 Kxf7 47. Kd5 Kf6 48. Kd6 1-0

[Variant "Standard"]
[Site "Europe Echecs"]

[Event "Championnat du monde jeunes U12F"]
[Date "2024.11.16"]
[White "Zavivaeva, Angelina"]
[Black "Ribreau, Anna"]
[WhiteElo "1499"]
[BlackElo "1726"]
[Round "2.27"]
[Result "1/2-1/2"]
[TimeControl "5400+30"]

1. e4 d6 2. d4 Nf6 3. Nc3 c6 4. f3 Nbd7 5. Be3 e5 6. Qd2 Be7 7. O-O-O b5 8. d5 cxd5 9. Nxd5 Nxd5 10. Qxd5 Ba6 11. Qc6 Qc8 12. Bxb5 Bxb5 13. Qxb5 Rb8 14. Qa4 Qb7 15. Qb3 Qa6 16. Qa3 Qb7 17. b3 a6 18. Qb2 O-O 19. h4 Rfc8 20. Ne2 Nb6 21. Bxb6 Qxb6 22. Rd2 a5 23. Nc3 Qb7 24. g3 g5 25. Nd5 a4 26. hxg5 Bxg5 27. f4 Bd8 28. Rd3 f6 29. f5 Qg7 30. Qa3 axb3 31. Rxb3 Qg5+ 32. Kb1 Qd2 33. Qb2 Qg2 34. Re1 Qf2 35. Rc1 Qa7 36. Rh1 Rxb3 37. cxb3 Qg7 38. Qh2 Be7 39. g4 Rb8 40. Qh6 Qf7 41. Rc1 Bd8 42. Kb2 Ra8 43. Qh5 Qd7 44. Qh6 Qf7 45. Rc4 Qa7 46. a4 Qf2+ 47. Ka3 Qg1 48. Nxf6+ Bxf6 49. Qxf6 Qa1+ 50. Kb4 Qe1+ 51. Kb5 Qa5+ 52. Kc6 Qa6+ 53. Kd5 Qb7+ 54. Kxd6 Ra6+ 55. Kxe5 Rxf6 56. Kxf6 Qb6+ 57. Ke7 Qb7+ 58. Kf6 Qb6+ 59. Ke7 Qb7+ 60. Kf6 Qb6+ 61. Ke7 Qb7+ 62. Kf6 Qb6+ 63. Ke5 1/2-1/2

[Variant "Standard"]
[Site "Europe Echecs"]

[Event "Championnat du monde jeunes U12F"]
[Date "2024.11.16"]
[White "Istratova, Nika"]
[Black "Tong Thai Hoang An"]
[WhiteElo "1473"]
[BlackElo "1869"]
[Round "2.28"]
[Result "0-1"]
[TimeControl "5400+30"]

1. e4 c5 2. Nf3 d6 3. d4 cxd4 4. Nxd4 Nf6 5. Nc3 a6 6. Be3 e5 7. Nb3 Be6 8. Be2 Be7 9. O-O O-O 10. Bf3 Nbd7 11. Nd5 Rc8 12. Nxe7+ Qxe7 13. Re1 Rfd8 14. c3 h6 15. Qd2 Nf8 16. h3 Ng6 17. Bb6 Rd7 18. Qe3 d5 19. Nc5 d4 20. cxd4 exd4 21. Qa3 Rd6 22. Nxe6 Rxb6 23. Nxd4 Qe5 24. Rad1 Nh4 25. Re2 Rd6 26. Qe3 Nxf3+ 27. gxf3 Nh5 28. Red2 Nf4 29. h4 Rg6+ 30. Kf1 Nh3 31. Ke2 Rg2 32. Rf1 Qh2 33. Kd3 Nf4+ 34. Qxf4 Qxf4 35. Rc2 Rxc2 36. Kxc2 Qxh4 37. Nf5 Rxf2+ 38. Kb3 Qh2 39. Rxf2 Qxf2 40. Ne7+ Kh7 41. e5 Qxf3+ 42. Kb4 Qe4+ 0-1

[Variant "Standard"]
[Site "Europe Echecs"]

[Event "Championnat du monde jeunes U12F"]
[Date "2024.11.16"]
[White "Siskou, Evangelia"]
[Black "Potikha, Shelley"]
[WhiteElo "1884"]
[BlackElo "1561"]
[Round "2.29"]
[Result "1/2-1/2"]
[TimeControl "5400+30"]

1. e4 e6 2. d4 d5 3. Nc3 Bb4 4. Ne2 dxe4 5. a3 Bxc3+ 6. Nxc3 Nc6 7. d5 exd5 8. Qxd5 Be6 9. Qxd8+ Rxd8 10. Bf4 f5 11. Bxc7 Rd7 12. Bf4 Kf7 13. Rd1 Nd4 14. Rd2 Ne7 15. Nb5 Nxb5 16. Bxb5 Rxd2 17. Kxd2 Rd8+ 18. Kc1 Ng6 19. Be3 a6 20. Be2 Ne5 21. b3 Ng4 22. Bf4 Rc8 23. Bxg4 fxg4 24. Kb2 Bf5 25. Be3 Rd8 26. Re1 h5 27. Bg5 Rd7 28. c4 b5 29. cxb5 axb5 30. Rc1 Kg6 31. Be3 Rd5 32. Rc5 Rxc5 33. Bxc5 Kf7 34. Kc3 Bd7 35. Kb4 Ke6 36. Bd4 g6 37. Kc5 Be8 38. Bb2 Bd7 39. Bc1 Be8 40. Bg5 Bd7 41. g3 Be8 42. Kd4 Kf5 43. Bd8 Bd7 44. Kd5 Be6+ 45. Kc6 Bxb3 46. Kxb5 Ke6 47. a4 Kd7 48. Bb6 Kc8 49. a5 Kb7 50. a6+ Ka8 51. Kc5 Be6 52. Kc6 Bf5 53. a7 Be6 54. Be3 Bf5 55. Kd6 Kb7 1/2-1/2

[Variant "Standard"]
[Site "Europe Echecs"]

[Event "Championnat du monde jeunes U12F"]
[Date "2024.11.16"]
[White "Dzafic, Merjem"]
[Black "Jacome Revelo, Daniela Alexandra"]
[WhiteElo "1568"]
[BlackElo "1764"]
[Round "2.30"]
[Result "0-1"]
[TimeControl "5400+30"]

1. e4 c5 2. Nf3 g6 3. d4 cxd4 4. Nxd4 Nf6 5. Nc3 d6 6. f3 a6 7. Bc4 Bg7 8. Be3 Nbd7 9. Qd2 h5 10. h4 b5 11. Bb3 Bb7 12. O-O-O Nc5 13. Bd5 Nxd5 14. Nxd5 e6 15. Nc3 Na4 16. Nce2 d5 17. exd5 Bxd5 18. Kb1 e5 19. Nb3 Bc4 20. Qxd8+ Rxd8 21. Rxd8+ Kxd8 22. Rd1+ Kc7 23. Ng3 f5 24. f4 Bxb3 25. cxb3 Nxb2 26. Rc1+ Kb7 27. fxe5 Bxe5 28. Ne2 Re8 29. Bd4 Bxd4 30. Nxd4 Nd3 31. Rc3 Nf4 32. Rg3 Re1+ 33. Kb2 Rg1 34. Kc3 Rxg2 35. Rf3 Ne2+ 36. Nxe2 Rxe2 37. Rg3 Re6 38. a4 f4 39. Rf3 Re3+ 40. Rxe3 fxe3 41. Kd3 Kc6 42. Kxe3 Kd5 43. Kf4 Ke6 44. Kg5 Kf7 45. axb5 axb5 46. b4 Kg7 47. Kf4 Kf6 48. Kg3 Ke5 49. Kf3 Kf5 50. Kg3 Ke4 51. Kh3 Kf3 52. Kh2 Kg4 53. Kg2 Kxh4 54. Kh2 Kg4 55. Kg2 h4 56. Kh2 Kf3 57. Kh3 g5 58. Kh2 g4 59. Kg1 g3 60. Kf1 h3 61. Kg1 g2 62. Kh2 Kf2 63. Kxh3 g1=Q 64. Kh4 Kf3 65. Kh5 Kf4 66. Kh6 Kf5 67. Kh7 Kf6 68. Kh6 Qg6# 0-1

[Variant "Standard"]
[Site "Europe Echecs"]